| TOP OF THE 1ST |
|
Columbus Skeeters batting - Pitching for Savannah Indians : RHP Jeffrey Horne
|
|
Pitching: RHP Jeffrey Horne
|
|
|
Batting: RHB Randolph Ebersberger
|
0-0: Called Strike 0-1: Ball 1-1: Foul Ball, location: 2F 1-2: Ball 2-2: DOUBLE (Line Drive, 9LS, EV 106.3 MPH)
|
|
Batting: RHB Heri Ramirez
|
0-0: Ball 1-0: SINGLE (Flyball, 8RS, EV 91.9 MPH) Randolph Ebersberger to third Runner from 3rd tries for Home, SAFE, throw by CF to home
|
|
Batting: RHB Venoy Garrison
|
0-0: Ball Heri Ramirez is caught stealing 2nd base 2-4 1-0: Called Strike 1-1: SINGLE (Groundball, 6MD, EV 93.8 MPH)
|
|
Batting: LHB Sam Horn
|
0-0: Called Strike 0-1: Ball 1-1: Foul Ball, location: 2F 1-2: Fly out, F7 (Flyball, 78S, EV 93.8 MPH)
|
|
Batting: RHB Joe Redfield
|
0-0: Ball 1-0: Ground out 4-3 (Groundball, 4, EV 84.4 MPH)
|
| Top of the 1st over - 1 run, 3 hits, 0 errors, 1 left on base; Columbus 1 - Savannah 0 |
| BOTTOM OF THE 1ST |
|
Savannah Indians batting - Pitching for Columbus Skeeters : LHP Jeffrey Harryman
|
|
Pitching: LHP Jeffrey Harryman
|
|
|
Batting: RHB Angel Salazar
|
0-0: Called Strike 0-1: Ball 1-1: Ball 2-1: Swinging Strike 2-2: SINGLE (Line Drive, 34D, EV 94.4 MPH)
|
|
Batting: LHB Kelvin Torve
|
0-0: Ball 1-0: Ball 2-0: Ball 3-0: Called Strike 3-1: Base on Balls Angel Salazar to second
|
|
Batting: RHB Jim Paciorek
|
0-0: Called Strike 0-1: Ball 1-1: Grounds into double play, 6-4-3 (Groundball, 6, EV 101.9 MPH) Angel Salazar to third
|
|
Batting: RHB Wade Rowdon
|
0-0: Ball 1-0: SINGLE (Line Drive, 6D, EV 95.6 MPH) Angel Salazar scores
|
|
Batting: RHB Ramiro Gutierrez
|
0-0: Ball 1-0: Ball 2-0: SINGLE (Flyball, 5D, EV 91.9 MPH) Wade Rowdon to second
|
|
Batting: LHB Roberto Hernandez
|
0-0: Called Strike 0-1: Ball 1-1: Ball 2-1: Called Strike 2-2: Fly out, F8 (Flyball, 8RM, EV 93.1 MPH)
|
| Bottom of the 1st over - 1 run, 3 hits, 0 errors, 2 left on base; Columbus 1 - Savannah 1 |
| TOP OF THE 2ND |
|
Columbus Skeeters batting - Pitching for Savannah Indians : RHP Jeffrey Horne
|
|
Batting: LHB John Weller
|
0-0: Foul Ball, location: 2F 0-1: Ball 1-1: Fly out, F8 (Flyball, 8LM, EV 93.8 MPH)
|
|
Batting: LHB Jay Erdahl
|
0-0: Ball 1-0: Ball 2-0: Ground out 1-3 (Groundball, 13S, EV 65.6 MPH)
|
|
Batting: RHB George Dierberger
|
0-0: Swinging Strike 0-1: Swinging Strike 0-2: Ball 1-2: Ball 2-2: Strikes out looking
|
| Top of the 2nd over - 0 runs, 0 hits, 0 errors, 0 left on base; Columbus 1 - Savannah 1 |
| BOTTOM OF THE 2ND |
|
Savannah Indians batting - Pitching for Columbus Skeeters : LHP Jeffrey Harryman
|
|
Batting: RHB Eddie Vargas
|
0-0: SINGLE (Groundball, 6MD, EV 104.4 MPH)
|
|
Batting: RHB Mario Diaz
|
0-0: Ball 1-0: Ball 2-0: Foul Ball, location: 2F 2-1: Ball 3-1: Base on Balls Eddie Vargas to second
|
|
Batting: RHB T.J. Johnson
|
0-0: Grounds into double play, 4-6-3 (Groundball, 4MD, EV 101.3 MPH) Eddie Vargas to third
|
|
Batting: RHB Angel Salazar
|
0-0: Swinging Strike 0-1: DOUBLE (Line Drive, 7LS, EV 95.0 MPH) Eddie Vargas scores
|
|
Batting: LHB Kelvin Torve
|
0-0: Swinging Strike 0-1: Ball 1-1: Called Strike 1-2: Ball 2-2: Foul Ball, location: 2F 2-2: SINGLE (Groundball, 56D, EV 106.3 MPH) Angel Salazar to third Runner from 3rd tries for Home, SAFE, throw by LF to home Kelvin Torve to second
|
|
Batting: RHB Jim Paciorek
|
0-0: Ground out 6-3 (Groundball, 6, EV 98.8 MPH)
|
| Bottom of the 2nd over - 2 runs, 3 hits, 0 errors, 1 left on base; Columbus 1 - Savannah 3 |
| TOP OF THE 3RD |
|
Columbus Skeeters batting - Pitching for Savannah Indians : RHP Jeffrey Horne
|
|
Batting: SHB Mike Howard
|
0-0: Ball 1-0: Ball 2-0: Foul Ball, location: 2F 2-1: Foul Ball, location: 2F 2-2: Foul Ball, location: 2F 2-2: Strikes out swinging
|
|
Batting: RHB Randolph Ebersberger
|
0-0: Ball 1-0: Called Strike 1-1: Foul Ball, location: 2F 1-2: Ball 2-2: Strikes out swinging
|
|
Batting: RHB Heri Ramirez
|
0-0: Ball 1-0: Ball 2-0: Called Strike 2-1: Ball 3-1: Fly out, F9 (Flyball, 9, EV 79.4 MPH)
|
| Top of the 3rd over - 0 runs, 0 hits, 0 errors, 0 left on base; Columbus 1 - Savannah 3 |
| BOTTOM OF THE 3RD |
|
Savannah Indians batting - Pitching for Columbus Skeeters : LHP Jeffrey Harryman
|
|
Batting: RHB Wade Rowdon
|
0-0: Ball 1-0: Ball 2-0: Fly out, F9 (Line Drive, 9S, EV 86.3 MPH)
|
|
Batting: RHB Ramiro Gutierrez
|
0-0: Ball 1-0: Fly out, F7 (Flyball, 78XD, EV 91.3 MPH)
|
|
Batting: LHB Roberto Hernandez
|
0-0: Ball 1-0: Foul Ball, location: 2F 1-1: Called Strike 1-2: Ball 2-2: Foul Ball, location: 2F 2-2: Ball 3-2: Strikes out swinging
|
| Bottom of the 3rd over - 0 runs, 0 hits, 0 errors, 0 left on base; Columbus 1 - Savannah 3 |
| TOP OF THE 4TH |
|
Columbus Skeeters batting - Pitching for Savannah Indians : RHP Jeffrey Horne
|
|
Batting: RHB Venoy Garrison
|
0-0: Ball 1-0: Called Strike 1-1: Ball 2-1: Ground out 6-3 (Groundball, 6, EV 86.3 MPH)
|
|
Batting: LHB Sam Horn
|
0-0: Ball 1-0: Ball 2-0: Ground out 6-3 (Groundball, 6, EV 96.3 MPH)
|
|
Batting: RHB Joe Redfield
|
0-0: Ball 1-0: Ball 2-0: Ball 3-0: Base on Balls
|
|
Batting: LHB John Weller
|
0-0: Called Strike 0-1: Ball 1-1: Called Strike 1-2: Ball Joe Redfield is caught stealing 2nd base 2-6
|
| Top of the 4th over - 0 runs, 0 hits, 0 errors, 0 left on base; Columbus 1 - Savannah 3 |
| BOTTOM OF THE 4TH |
|
Savannah Indians batting - Pitching for Columbus Skeeters : LHP Jeffrey Harryman
|
|
Batting: RHB Eddie Vargas
|
0-0: Called Strike 0-1: Ball 1-1: Fly out, F9 (Flyball, 9LS, EV 85.6 MPH)
|
|
Batting: RHB Mario Diaz
|
0-0: Ball 1-0: Called Strike 1-1: Fly out, F9 (Flyball, 9LS, EV 87.5 MPH)
|
|
Batting: RHB T.J. Johnson
|
0-0: Called Strike 0-1: Ball 1-1: Ball 2-1: Ground out 6-3 (Groundball, 6, EV 101.3 MPH)
|
| Bottom of the 4th over - 0 runs, 0 hits, 0 errors, 0 left on base; Columbus 1 - Savannah 3 |
| TOP OF THE 5TH |
|
Columbus Skeeters batting - Pitching for Savannah Indians : RHP Jeffrey Horne
|
|
Batting: LHB John Weller
|
0-0: Ball 1-0: Called Strike 1-1: Ball 2-1: Foul Ball, location: 2F 2-2: Strikes out swinging
|
|
Batting: LHB Jay Erdahl
|
0-0: Ball 1-0: Ball 2-0: Ball 3-0: Called Strike 3-1: TRIPLE (Line Drive, 89XD, EV 110.0 MPH)
|
|
Batting: RHB George Dierberger
|
0-0: Foul Ball, location: 2F 0-1: Ball 1-1: Foul Ball, location: 2F 1-2: Ball 2-2: DOUBLE (Flyball, 8RXD, EV 97.5 MPH) Jay Erdahl scores
|
|
Batting: SHB Mike Howard
|
0-0: Fly out, F8 (Flyball, 8LM, EV 86.3 MPH)
|
|
Batting: RHB Randolph Ebersberger
|
0-0: Foul Ball, location: 2F 0-1: Ball 1-1: Ball 2-1: Ground out 5-3 (Groundball, 5, EV 86.3 MPH)
|
| Top of the 5th over - 1 run, 2 hits, 0 errors, 1 left on base; Columbus 2 - Savannah 3 |
| BOTTOM OF THE 5TH |
|
Savannah Indians batting - Pitching for Columbus Skeeters : LHP Jeffrey Harryman
|
|
Batting: RHB Angel Salazar
|
0-0: Ground out 5-3 (Groundball, 56, EV 95.6 MPH)
|
|
Batting: LHB Kelvin Torve
|
0-0: Ball 1-0: Called Strike 1-1: Fly out, F6 (Line Drive, 6, EV 71.3 MPH)
|
|
Batting: RHB Jim Paciorek
|
0-0: Ball 1-0: Fly out, F7 (Line Drive, 7, EV 83.8 MPH)
|
| Bottom of the 5th over - 0 runs, 0 hits, 0 errors, 0 left on base; Columbus 2 - Savannah 3 |
| TOP OF THE 6TH |
|
Columbus Skeeters batting - Pitching for Savannah Indians : RHP Jeffrey Horne
|
|
Batting: RHB Heri Ramirez
|
0-0: Called Strike 0-1: Ball 1-1: Ball 2-1: Foul Ball, location: 2F 2-2: Foul Ball, location: 2F 2-2: SINGLE (Groundball, 6MD, EV 98.1 MPH)
|
|
Batting: RHB Venoy Garrison
|
0-0: SINGLE (Line Drive, 5D, EV 100.6 MPH) Heri Ramirez to second
|
|
Batting: LHB Sam Horn
|
0-0: Foul Ball, location: 2F 0-1: Ball 1-1: Grounds into double play, 6-4-3 (Groundball, 6D, EV 78.1 MPH) Heri Ramirez to third
|
|
Batting: RHB Joe Redfield
|
0-0: Called Strike 0-1: Ball 1-1: Fly out, F9 (Flyball, 89D, EV 89.4 MPH)
|
| Top of the 6th over - 0 runs, 2 hits, 0 errors, 1 left on base; Columbus 2 - Savannah 3 |
| BOTTOM OF THE 6TH |
|
Savannah Indians batting - Pitching for Columbus Skeeters : LHP Jeffrey Harryman
|
|
Batting: RHB Wade Rowdon
|
0-0: Ball 1-0: Foul Ball, location: 2F 1-1: Ball 2-1: Ball 3-1: Swinging Strike 3-2: Foul Ball, location: 2F 3-2: Foul Ball, location: 2F 3-2: Base on Balls
|
|
Batting: RHB Ramiro Gutierrez
|
0-0: Ball 1-0: Ball 2-0: Ball 3-0: Base on Balls Wade Rowdon to second
|
|
Batting: LHB Roberto Hernandez
|
0-0: Called Strike 0-1: Swinging Strike 0-2: Ball 1-2: DOUBLE (Line Drive, 5D, EV 106.3 MPH) Wade Rowdon scores Ramiro Gutierrez to third Runner from 3rd tries for Home, SAFE, throw by LF to trailing runner, OUT at third! 7-6-5
|
|
Batting: RHB Eddie Vargas
|
0-0: Ground out 6-3 (Groundball, 56, EV 101.9 MPH)
|
|
Batting: RHB Mario Diaz
|
0-0: Ball 1-0: Ball 2-0: DOUBLE (Line Drive, 78M, EV 100.0 MPH)
|
|
Batting: RHB T.J. Johnson
|
0-0: Called Strike 0-1: Foul Ball, location: 2F 0-2: Foul Ball, location: 2F 0-2: Ball 1-2: Ball 2-2: Strikes out swinging
|
| Bottom of the 6th over - 2 runs, 2 hits, 0 errors, 1 left on base; Columbus 2 - Savannah 5 |
| TOP OF THE 7TH |
|
Columbus Skeeters batting - Pitching for Savannah Indians : RHP Jeffrey Horne
|
|
Batting: LHB John Weller
|
0-0: Called Strike 0-1: Called Strike 0-2: Strikes out swinging
|
|
Batting: LHB Jay Erdahl
|
0-0: SINGLE (Line Drive, 9LS, EV 107.5 MPH)
|
|
Batting: RHB George Dierberger
|
0-0: Swinging Strike 0-1: Called Strike 0-2: Foul Ball, location: 2F 0-2: Ball 1-2: Grounds into double play, 5-4-3 (Groundball, 5S, EV 83.1 MPH)
|
| Top of the 7th over - 0 runs, 1 hit, 0 errors, 0 left on base; Columbus 2 - Savannah 5 |
| BOTTOM OF THE 7TH |
|
Savannah Indians batting - Pitching for Columbus Skeeters : LHP Jeffrey Harryman
|
|
Pitching: RHP Roberto Cerrud
|
|
|
Batting: RHB Angel Salazar
|
0-0: Fly out, F3 (Line Drive, 3, EV 69.4 MPH)
|
|
Batting: LHB Kelvin Torve
|
0-0: Ball 1-0: Swinging Strike 1-1: Ball 2-1: Swinging Strike 2-2: Ball 3-2: Base on Balls
|
|
Batting: RHB Jim Paciorek
|
0-0: Called Strike 0-1: Foul Ball, location: 2F 0-2: Ball Kelvin Torve is caught stealing 2nd base 2-4 1-2: SINGLE (Groundball, 56, EV 95.0 MPH)
|
|
Batting: RHB Wade Rowdon
|
0-0: Ball 1-0: Foul Ball, location: 2F 1-1: Foul Ball, location: 2F 1-2: Ball 2-2: Strikes out swinging
|
| Bottom of the 7th over - 0 runs, 1 hit, 0 errors, 1 left on base; Columbus 2 - Savannah 5 |
| TOP OF THE 8TH |
|
Columbus Skeeters batting - Pitching for Savannah Indians : RHP Jeffrey Horne
|
|
Batting: SHB Mike Howard
|
0-0: Foul Ball, location: 2F 0-1: Fly out, F6 (Flyball, 56D, EV 86.3 MPH)
|
|
Batting: RHB Randolph Ebersberger
|
0-0: Ball 1-0: Called Strike 1-1: Swinging Strike 1-2: Strikes out swinging
|
|
Batting: RHB Heri Ramirez
|
0-0: Swinging Strike 0-1: Called Strike 0-2: Ball 1-2: Strikes out looking
|
| Top of the 8th over - 0 runs, 0 hits, 0 errors, 0 left on base; Columbus 2 - Savannah 5 |
| BOTTOM OF THE 8TH |
|
Savannah Indians batting - Pitching for Columbus Skeeters : RHP Roberto Cerrud
|
|
Batting: RHB Ramiro Gutierrez
|
0-0: Foul Ball, location: 2F 0-1: Swinging Strike 0-2: Ball 1-2: Strikes out swinging
|
|
Batting: LHB Roberto Hernandez
|
0-0: Ball 1-0: Ground out 3-1 (Groundball, 34S, EV 65.6 MPH)
|
|
Batting: RHB Eddie Vargas
|
0-0: Called Strike 0-1: Ground out 6-3 (Groundball, 6, EV 84.4 MPH)
|
| Bottom of the 8th over - 0 runs, 0 hits, 0 errors, 0 left on base; Columbus 2 - Savannah 5 |
| TOP OF THE 9TH |
|
Columbus Skeeters batting - Pitching for Savannah Indians : RHP Jeffrey Horne
|
|
Batting: RHB Venoy Garrison
|
0-0: Ball 1-0: Ball 2-0: Ball 3-0: Called Strike 3-1: Foul Ball, location: 2F 3-2: Ground out U3 (Groundball, 34, EV 84.4 MPH)
|
|
Batting: LHB Sam Horn
|
0-0: Ball 1-0: Fly out, F9 (Flyball, 89S, EV 84.4 MPH)
|
|
Batting: RHB Joe Redfield
|
0-0: Ball 1-0: Fly out, F8 (Line Drive, 8LD, EV 93.1 MPH)
|
| Top of the 9th over - 0 runs, 0 hits, 0 errors, 0 left on base; Columbus 2 - Savannah 5 |
|